 Dungeon Crawl Stone Soup version 0.28-a0-687-gb91baff9cc (webtiles) character file.

Game seed: 16456536264282292017

31 ytrimaz the Covered (level 3, -2/33 HPs)
             Began as a Minotaur Fighter on Oct 19, 2021.
             Slain by an iguana (6 damage)
             ... on level 2 of the Dungeon.
             The game lasted 00:01:27 (1856 turns).

ytrimaz the Covered (Minotaur Fighter)              Turns: 1856, Time: 00:01:27

Health: -2/33      AC:  8    Str: 27    XL:     3   Next: 7%
Magic:  2/2        EV: 10    Int:  5    God:
Gold:   40         SH:  4    Dex:  9    Spells: 2/2 levels left

rFire   . . .      SeeInvis .   a - +0 war axe
rCold   . . .      Faith    .   c - +0 buckler
rNeg    . . .      Spirit   .   b - +0 scale mail
rPois   .          Reflect  .   (helmet restricted)
rElec   .          Harm     .   l - +0 cloak
rCorr   .          Rampage  .   (no gloves)
Will    .....                   (no boots)
Stlth   ..........              h - amulet of the acrobat
HPRegen 0.11/turn               k - +6 ring of strength
MPRegen 0.08/turn               (no ring)

@: no status effects
A: horns 2, retaliatory headbutt
a: no special abilities


You were on level 2 of the Dungeon.
You visited 1 branch of the dungeon, and saw 2 of its levels.

You collected 40 gold pieces.

Inventory:

Hand Weapons
 a - a +0 war axe (weapon)
Armour
 b - a +0 scale mail (worn)
 c - a +0 buckler (worn)
 l - a +0 cloak (worn)
Jewellery
 h - an amulet of the acrobat (around neck)
 k - a +6 ring of strength (left hand)
Scrolls
 e - a scroll of magic mapping {unknown}
 g - 3 scrolls of identify {unknown}
 i - 3 scrolls of brand weapon {unknown}
 m - a scroll of vulnerability {unknown}
Potions
 d - a potion of might
 f - a potion of heal wounds {unknown}
 j - a potion of invisibility {unknown}


   Skills:
 + Level 3.9 Fighting
 + Level 2.7 Axes
 * Level 4.4 Armour
 - Level 4.0 Shields


You had 2 spell levels left.
You didn't know any spells.
Your spell library was empty.

Dungeon Overview and Level Annotations

Branches:
Dungeon (2/15)

Altars:


Innate Abilities, Weirdness & Mutations

You have a pair of horns on your head.
You reflexively headbutt those who attack you in melee.


Message History

The worm is heavily wounded.
You slash the worm!
You kill the worm!
You have reached level 3!
Your experience leads to an increase in your attributes!
Your base attributes are Str 20, Int 5, Dex 9.
Increase (S)trength, (I)ntelligence, or (D)exterity?
You feel stronger.
Found a stone staircase leading down.
You open the door.
There is an open door here.
You now have 40 gold pieces (gained 6).
An iguana comes into view.
An iguana is nearby!
An iguana is nearby!
An iguana is nearby!
An iguana is nearby!
An iguana is nearby!
An iguana is nearby!
You hit the iguana.
The iguana is moderately wounded.
The iguana bites you.
You barely miss the iguana. You headbutt the iguana.
The iguana is heavily wounded.
The iguana bites you but does no damage.
You barely miss the iguana.
The iguana is heavily wounded.
The iguana bites you! The iguana barely misses you.
You hit the iguana but do no damage. Your headbutt misses the iguana.
The iguana is heavily wounded.
The iguana bites you!
* * * LOW HITPOINT WARNING * * *
You hit the iguana.
The iguana is heavily wounded.
The iguana bites you.
* * * LOW HITPOINT WARNING * * *
You hit the iguana. Your headbutt misses the iguana.
The iguana is severely wounded.
The iguana barely misses you. The iguana bites you.
You die...

#.######### #.# #.#
#.# #.# ###### #.#
......
##.############
.###.# ##
##.............#
##... .##
#.....##.###@#.#
#.#....
..####....##.# #l#
#......
.............# ...
####..
#.#####.#.####.#.##
##.. #.# #.#.# #.#.#
#... #.#
##+#.####.#.# #...
#.# ##...........#
#...
#.###.....####.####
###.
#.##.......###.##.##
##..


You could see an iguana.

Vanquished Creatures
  2 worms (D:2)
  A dart slug (D:2)
  6 ball pythons
  A goblin (D:2)
  5 hobgoblins
  A kobold (D:1)
  A quokka (D:2)
  A bat (D:1)
  2 frilled lizards
  3 rats
23 creatures vanquished.

Notes
Turn   | Place    | Note
-------+----------+-------------------------------------------
     0 | D:1      | ytrimaz the Minotaur Fighter began the quest for the Orb.
     0 | D:1      | Reached XP level 1. HP: 19/19 MP: 0/0
   656 | D:1      | Found a faded altar of an unknown god.
   706 | D:1      | Reached XP level 2. HP: 22/27 MP: 1/1
  1629 | D:2      | Reached XP level 3. HP: 21/33 MP: 2/2
  1856 | D:2      | Slain by an iguana

Illustrated notes

Levels and vault maps discovered:
D:1:      dpeg_cavernosity, layout_loops_corners,
          hellmonk_ecumenical_altar_heavens_door, minmay_misc_feat_encased,
          hex_medium, minmay_misc_feat_columns, hangedman_feature_mirror
D:2:      layout_loops_corners

Skill      XL: |  1  2 |
---------------+-------+-----
Armour         | 4 |  4.4
Shields        | 4 |  4.0
Fighting       | |  3.9
Axes           | |  2.7

Action                   || total
-------------------------++-------
Melee: War axe           ||    57
       Headbutt          ||     5
Armor: Scale mail        ||    18
Dodge: Dodged            ||    32
Block: Buckler           ||     6

Table legend: (Time is in decaauts)
 A = Elapsed time spent in this place.
 B = Non-inter-level travel time spent in this place.
 C = Inter-level travel time spent in this place.
 D = Time resting spent in this place.
 E = Time spent auto-exploring this place.
 F = Levels seen in this place.
 G = Mean time per level.
                   A        B        C        D        E       F      G
               +--------+--------+--------+--------+--------+-----+--------+
         Total |   1877 |   1808 |     69 |      0 |   1580 |   2 |  938.5 |
       Dungeon |   1877 |   1808 |     69 |      0 |   1580 |   2 |  938.5 |
               +--------+--------+--------+--------+--------+-----+--------+

Top non-repeatable levels by time:
     D:1: 1153 daAuts
     D:2: 723 daAuts
